 Dungeon Crawl Stone Soup version 0.17-a0-2127-g1cb09f6 (console) character file.

10176 brucemayne the Cleaver (level 11, -6/121 HPs)
             Began as a Demonspawn Berserker on Oct 23, 2015.
             Was a Priest of Trog.
             Engulfed by a cloud of flame (7 damage)
             ... on level 4 of the Orcish Mines.
             The game lasted 00:21:33 (3379 turns).

brucemayne the Cleaver (Demonspawn Berserker)       Turns: 3379, Time: 00:21:33

Health: -6/121     AC: 18    Str: 25    XL:     11   Next: 32%
Magic:  11/11      EV:  8    Int: 10    God:    Trog [***...]
Gold:   525        SH:  0    Dex: 12    Spells: 0 memorised, 10 levels left

rFire  + . .     SeeInvis .     p - +2 battleaxe (elec)
rCold  . . .     Clarity  .     w - +0 plate armour
rNeg   . . .     SustAt   .     (no shield)
rPois  +         Gourm    .     (no helmet)
rElec  .         Spirit   .     (no cloak)
rCorr  .         Warding  .     s - +1 pair of gloves
rMut   .         Stasis   .     (no boots)
MR     .....                    (no amulet)
Stlth  ..........               v - ring of poison resistance
                                d - ring of protection from fire

@: berserking (expiring), very quick, not resistant to hostile enchantments,
extremely unstealthy
A: hooves 2, slimy green scales 2, demonic guardian 1, foul stench 1, rot
immunity
a: Berserk, Trog's Hand, Burn Spellbooks, Renounce Religion


You were on level 4 of the Orcish Mines.
You worshipped Trog.
Trog was most pleased with you.
You were hungry.

You visited 2 branches of the dungeon, and saw 17 of its levels.
You also visited: Labyrinth.

You collected 525 gold pieces.

Inventory:

Hand Weapons
 a - a +1 hand axe
 j - a -3 hand axe
 p - a +2 battleaxe of electrocution (weapon)
 y - a +0 war axe
Missiles
 x - a throwing net (quivered)
 z - 4 steel tomahawks
Armour
 b - a +0 animal skin
 c - a +0 chain mail
 f - a +0 pair of gloves
 g - a +0 scale mail
 s - a +1 pair of gloves (worn)
 w - a +0 plate armour (worn)
Jewellery
 d - a ring of protection from fire (left hand)
 v - a ring of poison resistance (right hand)
Wands
 i - a wand of cold (0)
 l - a wand of disintegration (0)
 q - a wand of frost (25)
 A - a wand of flame (17)
 B - a wand of magic darts (43)
 C - a wand of random effects (0)
Scrolls
 k - 3 scrolls of remove curse
 o - a scroll of magic mapping
Potions
 e - 2 potions of flight
 h - 2 potions of lignification
 n - a potion of curing {unknown}
 r - a potion of magic {unknown}
 t - a potion of heal wounds {unknown}
Books
 E - a book of Hinderance

   Spells                             Type                      Level
   a - Confusing Touch                Hexes                        2
   b - Confuse                        Hexes                        3
   c - Gell's Gravitas                Hexes/Translocation          3
   d - Petrify                        Transmutation/Earth          4
   e - Metabolic Englaciation         Hexes/Ice                    5
   Trog disapproves of the use of such an item.
 F - a book of Battle

   Spells                             Type                      Level
   a - Infusion                       Charms                       1
   b - Shroud of Golubria             Charms/Translocation         2
   c - Song of Slaying                Charms                       2
   d - Spectral Weapon                Hexes/Charms                 3
   e - Regeneration                   Charms/Necromancy            3
   Trog disapproves of the use of such an item.


   Skills:
 + Level 6.0 Fighting
 + Level 13.9 Axes
 - Level 6.8 Armour
 - Level 1.7 Dodging


You had 10 spell levels left.
You didn't know any spells.

Dungeon Overview and Level Annotations

Branches:
Dungeon (13/15)              Lair (0/8) D:9             Orc (4/4) D:11
    Elf (0/3) Orc:4
 Temple: D:4-7       Vaults: D:13-14

Altars:
Nemelex Xobeh
Okawaru

Shops:
D:7 *   Orc:4 :

Annotations:
D:10 exclusion: upstairs
Orc:4 Azrael


Innate Abilities, Weirdness & Mutations

You have hoof-like feet.
You are mostly covered in slimy green scales (AC +3).
A weak demonic guardian rushes to your aid.
You may emit foul miasma when damaged in melee.
You are immune to rotting.


Message History

You feel less resistant to hostile enchantments.
The orc high priest is engulfed in roaring flames.
The orc high priest explodes!
The fiery explosion engulfs the orc wizard.
You kill the orc wizard!
Trog accepts your kill.
Trog appreciates your killing of a magic user.
The fiery explosion engulfs the orc priest.
You kill the orc priest!
Trog accepts your kill.
The fiery explosion engulfs the orc.
The orc explodes!
The fiery explosion engulfs the orc knight.
The orc knight is heavily wounded.
Trog accepts your kill. x2
Your Fighting skill increases to level 6!
The orc high priest hits you but does no damage.
You feel a strong urge to attack something.
You are engulfed in roaring flames.
You resist.
You die...

#########
##@#.....## #
###§§§oO....#
#.#§§§§3oo...#$
..#.o§§o#§§......
.....§§o§#§......
...>%.......P....
..%%.%##O.P..%...
...... o...P.....
...... .P........


You could see an orc warlord, an orc knight (frenzied), an orc high priest
(inner flame), a smoke demon, an orc warrior (inner flame), an ogre (inner
flame) and 2 orcs.

Vanquished Creatures
  A minotaur (Lab)
  Harold (D:10)
  An orc high priest (Orc:4)
  A hill giant (D:10)
  3 orc knights
  An ugly thing (D:11)
  A troll (D:11)
  3 yaks (D:13)
  2 wyverns
  A hippogriff (D:13)
  3 wargs
  2 hungry ghosts
  A hell hound (Orc:3)
  2 mottled dragons
  A water moccasin (D:8)
  2 sky beasts
  2 black bears
  2 porcupines (D:9)
  11 orc warriors
  An eye of draining (D:13)
  4 ogres
  A big kobold (D:10)
  A crocodile (D:9)
  2 giant frogs
  2 scorpions
  A crimson imp (D:5)
  3 giant frog zombies
  A hound (D:8)
  4 jellies
  6 orc wizards
  A centaur skeleton (D:10)
  A giant frog skeleton (D:10)
  7 orc priests
  2 hell rats (D:9)
  An iguana (D:5)
  A worker ant zombie (D:10)
  A hound skeleton (D:10)
  2 gnolls (D:2)
  2 adders
  An adder zombie (D:8)
  A worm (D:2)
  A giant gecko (D:9)
  61 orcs
  5 bats
  2 giant cockroaches
  2 goblins
  3 hobgoblins (D:1)
  4 quokkas
  A ball python (D:2)
  3 giant newts (D:1)
  3 kobolds (D:10)
  7 rats
179 creatures vanquished.

Vanquished Creatures (collateral kills)
  An orc sorcerer (Orc:3)
  An orc priest (Orc:3)
  An orc (Orc:3)
3 creatures vanquished.

Grand Total: 182 creatures vanquished

Notes
Turn   | Place    | Note
--------------------------------------------------------------
     0 | D:1      | brucemayne the Demonspawn Berserker began the quest for the Orb.
     0 | D:1      | Reached XP level 1. HP: 18/18 MP: 1/1
    80 | D:1      | Gained mutation: You have large cloven feet. [demonic ancestry]
    80 | D:1      | Reached XP level 2. HP: 16/24 MP: 2/2
   208 | D:2      | Reached ** piety under Trog
   211 | D:2      | Gained mutation: You have hoof-like feet. [demonic ancestry]
   211 | D:2      | Reached XP level 3. HP: 11/29 MP: 3/3
   213 | D:2      | Reached skill level 4 in Axes
   289 | D:4      | Noticed a phantom
   297 | D:5      | Entered Level 5 of the Dungeon
   385 | D:5      | Noticed a phantom
   435 | D:5      | Gained mutation: You are partially covered in slimy green scales (AC +2). [demonic ancestry]
   435 | D:5      | Reached XP level 4. HP: 35/35 MP: 4/4
   439 | D:5      | Reached skill level 5 in Axes
   445 | D:6      | Found a sparkling altar of Nemelex Xobeh.
   529 | D:7      | Noticed a giant frog
   545 | D:7      | Killed a giant frog
   545 | D:7      | Reached XP level 5. HP: 22/41 MP: 5/5
   630 | D:7      | Noticed a sky beast
   638 | D:7      | Killed a sky beast
   638 | D:7      | Reached skill level 6 in Axes
   638 | D:7      | Gained mutation: You are immune to rotting. [demonic ancestry]
   638 | D:7      | Reached XP level 6. HP: 43/47 MP: 6/6
   662 | D:7      | Found Tidishrosya's Assorted Antiques.
  1031 | D:8      | Reached skill level 7 in Axes
  1052 | D:8      | Gained mutation: You may emit foul miasma when damaged in melee. [demonic ancestry]
  1052 | D:8      | Reached XP level 7. HP: 23/52 MP: 7/7
  1092 | D:8      | Noticed a wyvern
  1103 | D:8      | Killed a wyvern
  1103 | D:8      | Reached skill level 8 in Axes
  1269 | D:8      | Noticed a water moccasin
  1274 | D:8      | Killed a water moccasin
  1381 | D:9      | Reached skill level 9 in Axes
  1381 | D:9      | Reached XP level 8. HP: 58/58 MP: 8/8
  1581 | D:9      | Found a staircase to the Lair.
  1618 | D:9      | Found an iron altar of Okawaru.
  1662 | D:10     | Entered Level 10 of the Dungeon
  1666 | D:10     | Reached skill level 10 in Axes
  1703 | D:9      | Noticed a two-headed ogre
  1752 | D:10     | Noticed Harold
  1752 | D:10     | Noticed a hill giant
  1771 | D:10     | Killed a hill giant
  1771 | D:10     | Reached skill level 11 in Axes
  1771 | D:10     | Gained mutation: You are mostly covered in slimy green scales (AC +3). [demonic ancestry]
  1771 | D:10     | Reached XP level 9. HP: 63/63 MP: 9/9
  1781 | D:10     | Killed Harold
  1860 | D:10     | Reached skill level 12 in Axes
  2186 | D:12     | Found a labyrinth entrance.
  2253 | D:13     | Reached XP level 10. HP: 69/70 MP: 1/10
  2258 | D:13     | Reached skill level 5 in Armour
  2300 | Lab      | Entered a labyrinth
  2495 | Lab      | Noticed a minotaur
  2502 | Lab      | Killed a minotaur
  2547 | D:11     | Noticed a hill giant
  2721 | D:11     | Noticed a green ugly thing
  2725 | D:11     | Reached skill level 13 in Axes
  2729 | D:11     | Noticed an orc knight
  2736 | D:11     | Killed a green ugly thing
  2746 | D:11     | Killed an orc knight
  2784 | D:11     | Found a staircase to the Orcish Mines.
  2793 | Orc:1    | Entered Level 1 of the Orcish Mines
  2801 | Orc:1    | Noticed an orc knight
  2835 | Orc:1    | Killed an orc knight
  2843 | Orc:1    | Reached *** piety under Trog
  3078 | Orc:4    | Entered Level 4 of the Orcish Mines
  3078 | Orc:4    | Noticed an orc knight
  3080 | Orc:4    | Noticed an orc warlord
  3080 | Orc:4    | Noticed an orc high priest
  3081 | Orc:4    | Noticed an orc knight
  3081 | Orc:4    | Noticed Azrael
  3088 | Orc:3    | Gained mutation: A weak demonic guardian rushes to your aid. [demonic ancestry]
  3088 | Orc:3    | Reached XP level 11. HP: 20/78 MP: 11/11
  3172 | Orc:3    | Noticed an orc sorcerer
  3195 | Orc:3    | Killed an orc sorcerer
  3195 | Orc:3    | Reached skill level 5 in Fighting
  3360 | Orc:4    | Found a staircase to the Elven Halls.
  3360 | Orc:4    | Found Viweiw's Book Emporium.
  3360 | Orc:4    | Noticed an orc high priest
  3372 | Orc:4    | Noticed a soul eater
  3377 | Orc:4    | Killed an orc knight
  3377 | Orc:4    | HP: 3/121 [orc knight/bolt (16)]
  3378 | Orc:4    | HP: 1/121 [cloud of flame (2)]
  3378 | Orc:4    | Killed an orc high priest
  3379 | Orc:4    | Engulfed by a cloud of flame

Vault maps used:
D:1:      dpeg_arrival_leaves_temple_mockup, minmay_misc_feat_doors
D:2:      nicolae_qazlal_style_of_elements
D:3:      yredelemnul_altar_generic, first_bread, grunt_dithmenos_smoke
D:4:      forest_paths, grunt_decor_one_mirror, uniq_natasha
D:5:      slow_altar_1
D:6:      nemelex_deck
D:7:      lemuel_coloured_pillars_altar, minmay_temple_entry_from_below_b,
          serial_shops, shop, kennysheep_mini, hangedman_decor_peaks_small
D:8:      kennysheep_mini_moat, basic_altar
D:9:      okawaru_gym_becter, overflow_temple_1_default, dpeg_lair_monsters,
          grunt_pizzeria
D:10:     serial_shops, nicolae_shop_stone, hangedman_decor_growths,
          kennysheep_generic_room_10, uniq_harold
D:11:     evilmike_iron_armoury, erik_orc_2, uniq_nergalle
D:12:     lab_entry_generic, grunt_ministairs_6, grunt_tough_drop
D:13:     minmay_outward_triangles, david_vaults_1, nooodl_food_tri
Orc:2:    minmay_goldmine, basic_altar
Orc:3:    nicolae_orc_pool_cavern
Orc:4:    grunt_orc_gardens, grunt_orc_garden, grunt_orc_garden,
          grunt_orc_garden, grunt_orc_garden, serial_shops, shop, uniq_rupert,
          uniq_azrael, uniq_maud
Lab:      labyrinth_spiral, nicolae_lab_grate_2, labyrinth_fake_exit

Action                   |  1- 3 |  4- 6 |  7- 9 | 10-12 || total
-------------------------+-------+-------+-------+-------++-------
Melee: Hand axe          |    75 |    78 |   115 |       ||   268
       War axe           |       |       |   101 |    10 ||   111
       Battleaxe         |       |       |       |   122 ||   122
Throw: Throwing net      |       |       |     1 |       ||     1
Invok: Berserk           |     4 |     3 |     9 |     9 ||    25
       Trog's Hand       |     2 |       |     4 |    13 ||    19
Evoke: Wand              |       |       |     7 |    16 ||    23
  Use: Scroll            |     4 |       |     4 |     3 ||    11
       Potion            |       |       |       |     2 ||     2
 Stab: Invisible         |       |       |       |     1 ||     1
  Eat: Chunk             |     2 |       |    10 |    12 ||    24
       Bread ration      |       |     1 |     2 |       ||     3
       Pizza             |       |       |     1 |       ||     1
       Meat ration       |       |       |     2 |       ||     2
